 Dungeon Crawl Stone Soup version 0.30.1-9-gdf580d7c3d (webtiles) character file.

Game seed: 6357373612536178628

5687 monsoonserge the Destroyer (level 10, 0/84 HPs)
             Began as a Black Draconian Conjurer on Sept 28, 2023.
             Was a Believer of Vehumet.
             Slain by a hornet (11 damage)
             ... on level 10 of the Dungeon.
             The game lasted 00:44:26 (10327 turns).

monsoonserge the Destroyer (DrCj)                  Turns: 10327, Time: 00:44:27

Health: 0/84       AC:  8    Str: 11    XL:     10   Next: 47%
Magic:  12/15      EV: 19    Int: 25    God:    Vehumet [**....]
Gold:   355        SH:  0    Dex:  9    Spells: 4/16 levels left

rFire   . . .        K - +4 long sword of Conscience {heavy, Int+3}
rCold   + . .        x - orb {light}
rNeg    . . .        (body armour unavailable)
rPois   .            (helmet restricted)
rElec   +            e - +0 cloak
rCorr   .            (no gloves)
SInv    .            (no boots)
Will    .....        (no amulet)
Stlth   +            q - +5 ring of evasion
HPRegen 0.34/turn    B - ring of protection from cold
MPRegen 0.14/turn

%: no passive effects
@: glowing, studying Axes
A: breathe lightning, AC +7, unfitting armour, electricity resistance,
cold-blooded
a: Breathe Lightning, Renounce Religion


You were on level 10 of the Dungeon.
You worshipped Vehumet.
Vehumet was pleased with you.
You visited 2 branches of the dungeon, and saw 11 of its levels.

You collected 514 gold pieces.
You spent 159 gold pieces at shops.

Inventory:

Hand Weapons
 C - a +4 morningstar
 E - a +5 spear of freezing
 K - the +4 long sword of Conscience (weapon) {heavy, Int+3}
   (You took it off an orc on level 9 of the Dungeon)

   Int:       It affects your intelligence (+3).
Missiles
 h - a throwing net
 s - 5 javelins
 H - 8 poisoned darts (quivered)
 J - a boomerang
Armour
 e - a +0 cloak (worn)
 x - an orb of light (worn)
 y - a +0 tower shield
Magical Staves
 w - the staff of poison "Qiesala" {rPois Will++ Int+3 Dex+2}
   (You found it on level 6 of the Dungeon)

   [staff of poison]

   Base accuracy: +5 Base damage: 5 Base attack delay: 1.2 This weapon's minimum
   attack delay (0.6) is reached at skill level 12.
   Int:       It affects your intelligence (+3).
   Dex:       It affects your dexterity (+2).
   rPois:     It protects you from poison.
   Will:      It greatly increases your willpower.
   It falls into the 'Staves' category.
   It is a one-handed weapon.
Jewellery
 q - a +5 ring of evasion (left hand)
 B - a ring of protection from cold (right hand)
Wands
 F - a wand of charming (5)
Scrolls
 a - 3 scrolls of poison
 d - a scroll of summoning
 g - a scroll of fog
 j - 4 scrolls of fear
 n - 3 scrolls of amnesia
 p - 3 scrolls of teleportation
 t - 2 scrolls of blinking
 u - a scroll of noise {unknown}
 z - 3 scrolls of enchant weapon {unknown}
 G - a scroll of immolation {unknown}
 I - a scroll of magic mapping {unknown}
Potions
 b - a potion of might
 f - a potion of brilliance
 i - 2 potions of flight {unknown}
 k - 4 potions of curing
 l - a potion of berserk rage {unknown}
 m - 2 potions of haste
 o - a potion of degeneration {unknown}
 r - a potion of resistance {unknown}
 v - a potion of lignification {unknown}
 A - a potion of cancellation {unknown}
 D - a potion of mutation {unknown}


   Skills:
 + Level 6.6 Fighting
 - Level 6.6(7.3) Axes
 - Level 4.6(6.3) Polearms
 + Level 0.1 Throwing
 + Level 7.9 Dodging
 - Level 2.0 Stealth
 + Level 3.7 Spellcasting
 * Level 9.1 Conjurations
 * Level 1.9 Hexes
 - Level 2.0 Translocations
 - Level 1.0 Fire Magic


You had 4 spell levels left.
You knew the following spells:

 Your Spells              Type           Power      Damage    Failure   Level
a - Foxfire               Conj/Fire      100%       2x1d9     1%          1
b - Searing Ray           Conj           100%       2d8       1%          2
c - Magic Dart            Conj           100%       1d8       1%          1
d - Fulminant Prism       Conj/Hex       16%        3d10      10%         4
e - Iskenderun's Mystic   Conj/Tloc      32%        2d8       10%         4

Your spell library contained the following spells:

 Spells                   Type           Power      Damage    Failure   Level
 Scorch                   Fire           18%        2d5       10%         2
 Dazzling Flash           Conj/Hex       64%        N/A       3%          3
 Stone Arrow              Conj/Erth      54%        3d10      4%          3
 Sandblast                Erth           8%         2d5       10%         1
 Portal Projectile        Hex/Tloc       28%        N/A       13%         3
 Passwall                 Tmut/Erth      3%         N/A       14%         2
 Call Canine Familiar     Summ           4%         N/A       28%         3
 Leda's Liquefaction      Hex/Erth       4%         N/A       54%         4


Dungeon Overview and Level Annotations

Branches:
Dungeon (10/15)            Temple (1/1) D:5             Orc (0/2) D:9
   Lair: D:8-11

Altars:
Ashenzari
Cheibriados
Dithmenos
Elyvilon
Fedhas
Gozag
Hepliaklqana
Kikubaaqudgha
Makhleb
Nemelex Xobeh
Okawaru
Qazlal
Ru
Sif Muna
Trog
Uskayaw
Vehumet
Wu Jian
Yredelemnul
Zin
The Shining One

Shops:
D:2 ?


Innate Abilities, Weirdness & Mutations

You can breathe wild blasts of lightning.
Your glossy black scales are hard. (AC +7)
You cannot fit into any form of body armour.
You are resistant to electric shocks. (rElec)
You are cold-blooded and may be slowed by cold attacks.


Message History

The two-headed ogre is severely wounded.
The two-headed ogre is knocked back by the mystic blast.
The two-headed ogre collides with the hornet!
The hornet is severely wounded.
The two-headed ogre is almost dead.
You hear a bellow!
A yak comes into view.
Press: ? - help, v - describe, . - travel, g - get item
Here: a two-headed ogre, wielding a +0 dire flail and a +0 giant club (almost dead, haloed) Item here: a yak corpse.
The floor, spattered with blood.
Magic courses through your body.
Casting: Iskenderun's Mystic Blast (dangerous; 11% risk of failure)
Confirm with . or Enter, or press ? or * to list all spells.
Aiming: Searing Ray (safe; 1% risk of failure)
Press: ? - help, Shift-Dir - straight line, f - shadow
Aim: a shadow (haloed, 87% to hit)
The searing ray hits the two-headed ogre!
You kill the two-headed ogre!
Vehumet accepts your kill.
The searing ray hits the shadow.
The shadow is moderately damaged. (Press . to maintain the ray.) Training target 2.0 for Translocations reached!
Your Conjurations skill increases to level 9!
Your Translocations skill increases to level 2!
Unknown command.
The searing ray hits the hornet.
The hornet is severely wounded.
The searing ray hits the shadow!
The shadow is heavily damaged.
The hornet stings you but does no damage.
The shadow slips into darkness.
The shadow flickers and vanishes for a moment.
The searing ray misses the hornet.
The searing ray hits the yak!
The yak is moderately wounded.
The searing ray hits the shadow!
The shadow is almost destroyed.
The hornet stings you!
You die...

#. #. ###.#
.#####.##
...##
........#
....# #...##
...# #.##.W##
...
#$W.#..###.#
....Y###..##.#
..#.. ##WYy@#
.#.. #.##.#
...c #.##.#
..# #.##<#
#.##.# ..#...
.......
..#...##
.###.##


You could see a yak, a hornet and a shadow (invisible).

Vanquished Creatures
  A two-headed ogre (D:10)
  A boulder beetle (D:8)
  8 yaks
  A wyvern (D:9)
  A steam dragon (D:8)
  A water moccasin (D:4)
  2 ice beasts
  An orc warrior (D:8)
  2 black bears (D:6)
  The ghost of mkat the Stinger, an amateur AtVM (D:3)
  2 ogres
  3 centaurs
  A phantom (D:4)
  A bullfrog (D:7)
  A scorpion (D:6)
  9 wights
  3 killer bees (D:9)
  3 howler monkeys (D:9)
  5 jellies
  5 hounds
  A gnoll bouda (D:4)
  6 orc priests
  4 iguanas
  2 sleepcaps
  4 orc wizards
  11 gnolls
  8 adders
  2 shadow imps
  A white imp (D:3)
  2 worms (D:4)
  2 dart slugs
  29 orcs
  6 ball pythons
  7 endoplasms
  3 giant cockroaches
  5 goblins
  7 hobgoblins
  6 jackals
  2 kobolds (D:3)
  6 quokkas
  6 bats
  3 frilled lizards
  3 rats
178 creatures vanquished.

Vanquished Creatures (collateral kills)
  An orc wizard (D:9)
  An orc (D:9)
2 creatures vanquished.

Vanquished Creatures (others)
  An orc warrior (D:9)
  An orc (D:8)
  103 foxfires
  5 fulminant prisms
110 creatures vanquished.

Grand Total: 290 creatures vanquished

Notes
Turn   | Place    | Note
-------+----------+-------------------------------------------
     0 | D:1      | monsoonserge the Draconian Conjurer began the quest for the
                  | Orb.
     0 | D:1      | Reached XP level 1. HP: 14/14 MP: 3/3
   166 | D:1      | Reached XP level 2. HP: 20/20 MP: 1/5
   175 | D:1      | Learned a level 2 spell: Searing Ray
   642 | D:2      | Reached XP level 3. HP: 26/26 MP: 1/6
   815 | D:2      | Found Feizag's Magic Scroll Boutique.
   826 | D:2      | Bought a scroll of teleportation for 33 gold pieces
  1088 | D:3      | Found a runed translucent gate.
  1103 | D:3      | Found a runed translucent gate.
  1103 | D:3      | Noticed mkat's ghost (amateur AtVM)
  1524 | D:3      | Reached skill level 1 in Polearms
  1524 | D:3      | Reached XP level 4. HP: 34/34 MP: 2/7
  1580 | D:3      | Found a hazy altar of Hepliaklqana.
  1621 | D:3      | Reached skill level 1 in Fighting
  1897 | D:3      | Found a runed translucent gate.
  2319 | D:4      | Noticed a centaur
  2320 | D:4      | Noticed a centaur
  2334 | D:4      | Killed a centaur
  2335 | D:4      | Reached XP level 5. HP: 29/40 MP: 3/8
  2335 | D:4      | Killed a centaur
  2433 | D:4      | Reached XP level 6. HP: 48/48 MP: 6/10
  2486 | D:4      | Found a snail-covered altar of Cheibriados.
  2596 | D:4      | Reached skill level 5 in Conjurations
  3046 | D:4      | Found an opulent altar of Gozag.
  3104 | D:4      | Found a glowing golden altar of the Shining One.
  3731 | D:4      | Your scales start taking on a glossy black colour.
  3731 | D:4      | Reached XP level 7. HP: 56/56 MP: 7/11
  3731 | D:4      | Gained mutation: You are resistant to electric shocks.
                  | (rElec) [Black Draconian growth]
  3922 | D:2      | Bought a scroll of blinking for 82 gold pieces
  4028 | D:3      | Killed mkat's ghost
  4029 | D:3      | Reached skill level 1 in Axes
  4270 | D:5      | Entered Level 5 of the Dungeon
  4495 | D:5      | Found a white marble altar of Elyvilon.
  4742 | D:5      | Found a broken altar of Ashenzari.
  4794 | D:5      | Found a staircase to the Ecumenical Temple.
  4813 | Temple   | Entered the Ecumenical Temple
  5000 | Temple   | Became a worshipper of Vehumet
  5156 | D:5      | Reached XP level 8. HP: 46/66 MP: 3/12
  5378 | D:6      | Found a sacrificial altar of Ru.
  5389 | D:6      | Reached skill level 5 in Dodging
  5446 | D:6      | Reached skill level 5 in Axes
  5901 | D:6      | Found a blossoming altar of Fedhas.
  5971 | D:6      | Reached skill level 6 in Conjurations
  6151 | D:6      | Reached * piety under Vehumet
  6151 | D:6      | Offered knowledge of Foxfire by Vehumet.
  6158 | D:6      | Learned a level 1 spell: Foxfire
  6265 | D:2      | Bought a scroll of amnesia for 44 gold pieces
  6490 | D:6      | Identified the staff of poison "Qiesala" {rPois Will++
                  | Int+3 Dex+2}
  7013 | D:6      | Reached XP level 9. HP: 59/73 MP: 7/13
  7164 | D:7      | Reached skill level 1 in Fire Magic
  7294 | D:7      | Reached skill level 5 in Fighting
  7578 | D:7      | Found a bloodstained altar of Trog.
  7872 | D:8      | Noticed a boulder beetle
  7933 | D:8      | Reached skill level 7 in Conjurations
  8121 | D:8      | You fall into a shaft and drop 1 floor!
  8384 | D:9      | Learned a level 4 spell: Fulminant Prism
  8389 | D:9      | Learned a level 4 spell: Iskenderun's Mystic Blast
  8394 | D:9      | Found a glowing silver altar of Zin.
  8394 | D:9      | Found a burning altar of Makhleb.
  8395 | D:9      | Noticed a blizzard demon
  8395 | D:9      | Noticed an angel
  8572 | D:8      | Found a shimmering blue altar of Sif Muna.
  8998 | D:8      | Offered knowledge of Scorch by Vehumet.
  8999 | D:8      | Reached skill level 8 in Conjurations
  9186 | D:8      | Killed a boulder beetle
  9186 | D:8      | Reached ** piety under Vehumet
  9187 | D:8      | Reached skill level 1 in Hexes
  9187 | D:8      | Reached skill level 1 in Translocations
  9187 | D:8      | Reached XP level 10. HP: 81/83 MP: 6/14
  9986 | D:9      | Identified the +4 long sword of Conscience {heavy, Int+3}
 10058 | D:9      | Found a staircase to the Orcish Mines.
 10060 | D:9      | HP: 1/84 [orc priest/divine providence (14)]
 10062 | D:10     | Entered Level 10 of the Dungeon
 10311 | D:10     | Noticed a two-headed ogre
 10325 | D:10     | Killed a two-headed ogre
 10326 | D:10     | Reached skill level 9 in Conjurations
 10327 | D:10     | Slain by a hornet

Illustrated notes

Levels and vault maps discovered:
D:1:      psy_arrival_terrarium, layout_rooms
D:2:      layout_rooms, serial_shops, shop
D:3:      corexii_shack_village, layout_basic, nzn_hepliaklqana_mist_gate,
          gammafunk_ghost_split
D:4:      layout_loops_corners, cheibrodos_worm_habitat,
          mainiacjoe_overflow_six_doors_small, nicolae_tso_swordbearing_angel,
          minmay_manual_mares
D:5:      layout_gridville, ashenzari_altar_1, elyvilon_altar_5,
          minmay_temple_entry_junction, kennysheep_doodads
D:6:      layout_cave_pods, kennysheep_mini, amcnicky_altar_gilded,
          minmay_misc_feat_rows
D:7:      layout_rooms, general_overflow_altar, reono_crystal_passage
D:8:      layout_basic, lemuel_blue_sif_altar
D:9:      kennysheep_six_static_rooms, layout_cave_pods,
          grunt_temple_overflow_order_and_chaos_2, minmay_orc_entry_temple_small
D:10:     layout_loops_ring, minmay_ruined_shrine
Temple:   dpeg_chambers_temple

Skill      XL: |  1  2  3  4  5  6  7  8  9 10 |
---------------+-------------------------------+-----
Dodging        | 2 3 4 6 7 |  7.9
Stealth        | 2 |  2.0
Polearms       | 1 2 3 4 |  4.6
Fighting       | 1 2 3 4 6 |  6.6
Conjurations   | 5 6 8 9 |  9.1
Spellcasting   | 3 |  3.7
Axes           | 4 6 |  6.6
Fire Magic     | 1 |  1.0
Hexes          | 1 |  1.9
Translocations | 1 2 |  2.0
Throwing       | |  0.1

Action                     |  1- 3 |  4- 6 |  7- 9 | 10-12 || total
---------------------------+-------+-------+-------+-------++-------
  Melee: Unarmed           |    29 |       |       |       ||    29
         Tailslap          |    11 |       |    25 |     3 ||    39
         Short sword       |     3 |       |       |       ||     3
         Spear             |    59 |    27 |    53 |    15 ||   154
         Punch             |     1 |       |       |       ||     1
         War axe           |       |     6 |    60 |       ||    66
         Long sword        |       |       |       |     5 ||     5
  Throw: Javelin           |       |       |     2 |       ||     2
         Dart              |       |       |       |     1 ||     1
   Cast: Magic Dart        |    11 |       |       |       ||    11
         Searing Ray       |    14 |    18 |    50 |    12 ||    94
         Foxfire           |       |       |    54 |       ||    54
         Fulminant Prism   |       |       |     2 |     3 ||     5
         Iskenderun's Myst |       |       |       |     6 ||     6
Ability: Breathe Lightning |       |       |    10 |       ||    10
  Evoke: Wand              |       |       |       |     1 ||     1
    Use: Scroll            |       |       |     7 |       ||     7
         Potion            |       |       |       |     1 ||     1
   Stab: Sleeping          |     3 |     5 |     1 |       ||     9
 Armour: Skin              |    49 |     9 |    58 |     9 ||   125
  Dodge: Dodged            |   120 |    50 |   212 |    60 ||   442
